cohdb
Replays
Latest Replays
All Replays
Popular Replays
Top Player Replays
Match Explorer
How It Works
Community
CoH3 Stats
Reddit
Sign in to upload your games and track your stats! →
Sign in with Steam
Match 40176478
Unlisted
Match 40176478
Overview
Messages
Build Orders
End
Construct Section Command Post
Royal Engineer Section
Selects Canadian Shock Battlegroup
Dingo Light Scout Car
Infantry Section
Infantry Section
Grenade Package
Selects Attacking Spirit
Selects Canadian Shock Section
Canadian Shock Section
Construct Platoon Command Post
Selects Incendiary Munitions
Canadian Shock Section
6-pounder Anti-tank Gun Team
Selects Pyrotechnics
Infantry Training
Humber Armored Car
6-pounder Anti-tank Gun Team
Valkyre~117~
xmasjs
天涯
76561197987473845
Valdai
Eric
Sailor
语隔秋烟
0
0
Comments
sign in to comment!
No comments posted yet!